 Dungeon Crawl Stone Soup version 0.29.1-12-g30fa7ad0bf (webtiles) character file.

Game seed: 186222105146192109

75 Veeg the Shield-Bearer (level 4, 0/44 HPs)
             Began as a Troll Fighter on Dec 18, 2022.
             Slain by an iguana (12 damage)
             ... on level 4 of the Dungeon.
             The game lasted 00:01:33 (247 turns).

Veeg the Shield-Bearer (Troll Fighter)               Turns: 247, Time: 00:01:34

Health: 0/44       AC:  4    Str: 24    XL:     4   Next: 11%
Magic:  3/3        EV: 10    Int:  6    God:
Gold:   0          SH:  0    Dex:  9    Spells: 3/3 levels left

rFire   x . .      SeeInvis .     - Unarmed
rCold   + . .      Faith    .   (no shield)
rNeg    . . .      Spirit   .   a - +0 robe
rPois   .          Reflect  .   (helmet restricted)
rElec   .          Harm     .   (no cloak)
rCorr   .          Rampage  .   (gloves unavailable)
Will    .....                   (boots unavailable)
Stlth   +.........              (no amulet)
HPRegen 0.94/turn               g - ring of ice
MPRegen 0.08/turn               (no ring)

@: no status effects
A: large, unfitting armour, claws 3, regeneration 1, shaggy fur 1, tough skin 1
a: no special abilities


You were on level 4 of the Dungeon.
You visited 1 branch of the dungeon, and saw 4 of its levels.

Inventory:

Armour
 a - a +0 robe (worn)
Jewellery
 b - a ring of positive energy
 g - a ring of ice (left claw)
Wands
 f - a wand of iceblast (5)
Scrolls
 e - a scroll of teleportation {unknown}
Potions
 c - 2 potions of might
 d - a potion of curing {unknown}


   Skills:
 * Level 2.9 Fighting
 * Level 0.5 Armour
 * Level 2.8 Dodging
 * Level 0.2 Stealth
 * Level 3.2 Shields
 * Level 2.3 Unarmed Combat
 * Level 0.3 Evocations


You had 3 spell levels left.
You didn't know any spells.
Your spell library was empty.

Dungeon Overview and Level Annotations

Branches:
Dungeon (4/15)
 Temple: D:4-7

Altars:


Innate Abilities, Weirdness & Mutations

You are too large for most types of armour.
You have claws for hands.
Your natural rate of healing is unusually fast.
You are covered in fur. (AC +1)
You have tough skin. (AC +1)


Message History

Blork the orc is moderately wounded.
Blork the orc closely misses you.
Blork the orc gestures at you while chanting.
The puff of flame hits you! The fire burns you terribly!
Ouch! That really hurt!
Aiming: Iceblast
Press: ? - help, Shift-Dir - straight line, f/p - Blork the orc
Aim: Blork the orc, wielding a +1 halberd of protection, wearing a +0 robe and carrying a wand of polymorph (12) (moderately wounded)
The mass of ice explodes!
The iceblast engulfs Blork the orc!
Blork the orc is almost dead.
Blork the orc casts a spell at you. The puff of frost hits you. You resist.
* * * LOW HITPOINT WARNING * * *
Aiming: Iceblast
Press: ? - help, Shift-Dir - straight line, f/p - Blork the orc
Aim: Blork the orc, wielding a +1 halberd of protection, wearing a +0 robe and carrying a wand of polymorph (12) (almost dead)
The mass of ice explodes!
The iceblast engulfs Blork the orc!
You kill Blork the orc!
Your Shields skill increases to level 3!
You have reached level 3!
Your experience leads to an increase in your attributes!
Increase (S)trength, (I)ntelligence, or (D)exterity?
You feel clever. x2; You feel stronger.
You have reached level 4!
An iguana comes into view.
There is an escape hatch in the floor here.
You see here a +0 robe.
You closely miss the iguana. The iguana bites you!
You completely miss the iguana.
You scratch the iguana but do no damage.
The iguana barely misses you.
You barely miss the iguana. The iguana barely misses you.
You scratch the iguana but do no damage.
The iguana bites you.
You barely miss the iguana. The iguana barely misses you.
You barely miss the iguana. The iguana bites you.
You closely miss the iguana. The iguana bites you!
* * * LOW HITPOINT WARNING * * *
The iguana attacks as you move away! The iguana bites you!
You die...

#.. #.# #.# #
#.##.##. #<##.#
.### #.##.# ..#
#.##.# #.# #.##.#
##.##
#@##.###...## #
#l##.##.....###...
#......[..........
####.##.>...###...
#.....#...<....
######.##)####.
### (# .# #


You could see an iguana.

Vanquished Creatures
  Blork the orc (D:4)
  An orc (D:3)
  2 endoplasms (D:1)
  A hobgoblin (D:3)
  3 ball pythons
8 creatures vanquished.

Notes
Turn   | Place    | Note
-------+----------+-------------------------------------------
     0 | D:1      | Veeg the Troll Fighter began the quest for the Orb.
     0 | D:1      | Reached XP level 1. HP: 22/22 MP: 0/0
   187 | D:3      | Reached XP level 2. HP: 24/29 MP: 1/1
   213 | D:4      | Noticed Blork the orc
   219 | D:4      | Killed Blork the orc
   220 | D:4      | Reached skill level 3 in Shields
   220 | D:4      | Reached XP level 3. HP: 10/36 MP: 2/2
   220 | D:4      | Reached XP level 4. HP: 13/44 MP: 3/3
   247 | D:4      | Slain by an iguana

Illustrated notes

Levels and vault maps discovered:
D:1:      dpeg_arrival_houses_and_road, layout_basic
D:2:      layout_loops_ring, basic_ecumenical_altar, basic_altar
D:3:      minmay_wonky_spiral, layout_basic, grunt_ministairs_3
D:4:      layout_loops_ring, serial_shops, shop_statue, hex_large,
          uniq_blork_the_orc

Skill      XL: |  1  2 |
---------------+-------+-----
Shields        | 3 |  3.2
Fighting       | |  2.9
Armour         | |  0.5
Dodging        | |  2.8
Stealth        | |  0.2
Unarmed Combat | |  2.3
Evocations     | |  0.3

Action                   |  1- 3 |  4- 6 || total
-------------------------+-------+-------++-------
Melee: Unarmed           |    12 |     8 ||    20
Evoke: Wand              |     3 |       ||     3
Armor: Robe              |     2 |       ||     2
Dodge: Dodged            |     4 |     3 ||     7
Block: Kite shield       |     5 |       ||     5
